 Dungeon Crawl Stone Soup version 0.30-a0-591-g3c58d2bc28 (webtiles) character file.

Game seed: 1293475023385734812

105 Leeroy the Insei (level 4, 0/32 HPs)
             Began as a Merfolk Transmuter on Jan 5, 2023.
             Slain by a wyvern (18 damage)
             ... on level 4 of the Dungeon.
             The game lasted 00:03:26 (1849 turns).

Leeroy the Insei (Merfolk Transmuter)               Turns: 1849, Time: 00:03:27

Health: 0/32       AC:  3    Str: 10    XL:     4   Next: 83%
Magic:  7/7        EV: 12    Int: 14    God:
Gold:   154        SH:  0    Dex: 14    Spells: 6/7 levels left

rFire   . . .      SeeInvis .      - Unarmed
rCold   . . .      Faith    .    (no shield)
rNeg    . . .      Spirit   .    a - +0 robe
rPois   .          Reflect  .    (no helmet)
rElec   .          Harm     .    m - +0 cloak
rCorr   .          Rampage  .    (no gloves)
Will    .....                    (no boots)
Stlth   +                        j - amulet of regeneration
HPRegen 1.05/turn                (no ring)
MPRegen 0.10/turn                (no ring)

@: no status effects
A: (nimble swimmer 2), mertail
a: no special abilities


You were on level 4 of the Dungeon.
You visited 1 branch of the dungeon, and saw 4 of its levels.

You collected 154 gold pieces.

Inventory:

Hand Weapons
 o - a +1 dagger of speed
Missiles
 h - 10 poisoned darts
Armour
 a - a +0 robe (worn)
 m - a +0 cloak (worn)
Jewellery
 j - an amulet of regeneration (around neck)
 l - a ring of flight
Scrolls
 f - 3 scrolls of identify
 i - a scroll of poison
Potions
 b - a potion of lignification
 c - a potion of degeneration {unknown}
 d - a potion of might {unknown}
 e - 2 potions of curing {unknown}
 g - a potion of brilliance {unknown}
 k - a potion of attraction {unknown}
 n - a potion of flight {unknown}


   Skills:
 - Level 1.1 Fighting
 - Level 2.6 Dodging
 + Level 5.9 Unarmed Combat
 - Level 2.0 Spellcasting
 - Level 2.6 Transmutations


You had 6 spell levels left.
You knew the following spells:

 Your Spells              Type           Power      Damage    Failure   Level
a - Beastly Appendage     Tmut           16%        N/A       8%          1

Your spell library contained the following spells:

 Spells                   Type           Power      Damage    Failure   Level
 Wereblood                Tmut           8%         N/A       12%         2
 Summon Small Mammal      Summ           4%         N/A       24%         1
 Spider Form              Tmut/Pois      5%         N/A       38%         3
 Call Canine Familiar     Summ           1%         N/A       56%         3
 Summon Guardian Golem    Hex/Summ       1%         N/A       56%         3
 Ice Form                 Ice/Tmut       5%         N/A       80%         4
 Olgreb's Toxic Radiance  Pois           1%         N/A       93%         4
 Fireball                 Conj/Fire      0%         3d3       100%        5
 Iskenderun's Battlesphe  Conj           1%         2d6       100%        5
 Conjure Ball Lightning   Conj/Air       0%         3x3d6     100%        6
 Orb of Destruction       Conj           0%         9d5       100%        7
 Ozocubu's Refrigeration  Ice            0%         4d7       100%        7
 Ignition                 Fire           0%         3d3       100%        8


Dungeon Overview and Level Annotations

Branches:
Dungeon (4/15)
 Temple: D:4-7

Altars:

Annotations:
D:3 Sigmund


Innate Abilities, Weirdness & Mutations

((You are very nimble when in or above water. (Stealth+, EV+, Speed+++)))
Your lower body shifts to a powerful aquatic tail in water.


Message History

You barely miss the hobgoblin. You hit the hobgoblin.
You kill the hobgoblin!
No target in view!
No target in view!
No target in view!
No target in view!
Found a stone staircase leading down.
A bat comes into view.
A bat is nearby!
Found a lumpy green potion and a robe.
The bat closely misses you.
You punch the bat!
You kill the bat!
No target in view!
No target in view!
No target in view!
No target in view!
Sigmund the Dreaded comes into view.
He is wielding a +0 scythe and carrying a wand of flame (7).
Sigmund shouts!
Sigmund is nearby!
Sigmund is nearby!
Sigmund zaps a wand.
The puff of flame hits you!
Sigmund points at you and mumbles some strange words.
You resist with some effort.
There is a stone staircase leading down here.
You climb downwards.
Found 32 gold pieces.
There is a stone staircase leading up here.
An iguana comes into view.
The wyvern hisses angrily.
Found a scroll labelled CAOCURR YTRO.
The iguana hisses angrily.
Found a hand axe.
The iguana bites you!
As you read the scroll labelled CAOCURR YTRO, it crumbles to dust.
It is a scroll of identify.
i - a scroll of poison The wyvern barely misses you.
The iguana bites you. The wyvern bites you. The wyvern bites you!!
Ouch! That really hurt!
You die...

.................
.................
..$..............
.................
.........<.....#
...........#...####
........#.## ..$..
.#......#####.)..#
#........#@...#
...$.....ll.#...#
..........#.# ..#
##........### .#
#........# ..
#.?....... ##
..##....... ..
#....... ........


You could see a wyvern and an iguana.

Vanquished Creatures
  4 adders
  2 dart slugs
  4 orcs (D:3)
  7 bats
  6 endoplasms
  7 goblins
  4 hobgoblins
  7 jackals
  5 kobolds
  3 quokkas (D:1)
  3 ball pythons
  3 frilled lizards
55 creatures vanquished.

Notes
Turn   | Place    | Note
-------+----------+-------------------------------------------
     0 | D:1      | Leeroy the Merfolk Transmuter began the quest for the Orb.
     0 | D:1      | Reached XP level 1. HP: 15/15 MP: 3/3
   188 | D:1      | Reached XP level 2. HP: 16/21 MP: 5/5
   220 | D:1      | Reached skill level 4 in Unarmed Combat
   825 | D:1      | Reached XP level 3. HP: 21/26 MP: 6/6
  1441 | D:2      | Reached skill level 5 in Unarmed Combat
  1544 | D:3      | Reached XP level 4. HP: 29/32 MP: 5/7
  1834 | D:3      | Noticed Sigmund
  1841 | D:4      | Noticed a wyvern
  1849 | D:4      | Slain by a wyvern

Illustrated notes

Levels and vault maps discovered:
D:1:      amcnicky_arrival_gap_in_the_tavern_cellar, layout_loops_ring,
          serial_forest, infiniplex_forest_end_3, infiniplex_forest_lined_3,
          infiniplex_forest_clump_large, infiniplex_forest_straight_5,
          infiniplex_forest_lined_4_way, infiniplex_forest_lined_1,
          infiniplex_forest_clump_diagonal, solitary_fountain,
          hangedman_decor_lopped, hangedman_abyss_or_decor_stabs
D:2:      layout_basic
D:3:      layout_rooms, hellmonk_ecumenical_altar_slurped_away,
          guppyfry_early_orc_mine, uniq_sigmund
D:4:      layout_cave_pools, nicolae_hepliaklqana_ecumenical_no_more,
          minmay_crystal_water, minmay_checkerbox

Skill      XL: |  1  2  3 |
---------------+----------+-----
Unarmed Combat | 4 5 |  5.9
Fighting       | |  1.1
Dodging        | |  2.6
Spellcasting   | |  2.0
Transmutations | |  2.6

Action                   |  1- 3 |  4- 6 || total
-------------------------+-------+-------++-------
Melee: Unarmed           |   133 |    54 ||   187
       Punch             |     2 |       ||     2
       Headbutt          |     4 |     1 ||     5
 Cast: Beastly Appendage |     2 |     1 ||     3
  Use: Scroll            |       |     1 ||     1
 Stab: Sleeping          |     5 |       ||     5
Armor: Robe              |    17 |     5 ||    22
Dodge: Dodged            |   105 |    25 ||   130

Table legend: (Time is in decaauts)
 A = Elapsed time spent in this place.
 B = Non-inter-level travel time spent in this place.
 C = Inter-level travel time spent in this place.
 D = Time resting spent in this place.
 E = Time spent auto-exploring this place.
 F = Levels seen in this place.
 G = Mean time per level.
                   A        B        C        D        E       F      G
               +--------+--------+--------+--------+--------+-----+--------+
         Total |   1832 |   1787 |     45 |      0 |   1384 |   4 |  458.0 |
       Dungeon |   1832 |   1787 |     45 |      0 |   1384 |   4 |  458.0 |
               +--------+--------+--------+--------+--------+-----+--------+

Top non-repeatable levels by time:
     D:1: 1136 daAuts
     D:2: 384 daAuts
     D:3: 303 daAuts
     D:4: 7 daAuts
